 Dungeon Crawl Stone Soup version 0.30.1-8-g117510f58f (webtiles) character file.

Game seed: 6692268547550935567

1024 Amplified the Trooper (level 8, -1/64 HPs)
             Began as a Mummy Gladiator on Sept 22, 2023.
             Was an Initiate of Gozag.
             Slain by Edmund
             ... wielding a +3 flail of protection
              (12 damage)
             ... on level 5 of the Dungeon.
             The game lasted 00:09:27 (4331 turns).

Amplified the Trooper (Mummy Gladiator)             Turns: 4331, Time: 00:09:28

Health: -1/64      AC:  6    Str: 17    XL:     8   Next: 2%
Magic:  15/15      EV: 17    Int: 10    God:    Gozag
Gold:   312        SH:  0    Dex: 13    Spells: 17/17 levels left

rFire   . . .        a - +0 quarterstaff
rCold   + . .        (shield currently unavailable)
rNeg    + + +        b - +0 leather armour
rPois   ∞            c - +2 helmet
rElec   .            (no cloak)
rCorr   .            (no gloves)
SInv    .            (no boots)
Will    +....        j - amulet of the acrobat
Stlth   +            f - ring of protection from fire
HPRegen 0.30/turn    m - +5 ring of evasion
MPRegen 0.14/turn

%: acrobat, faith
@: no status effects
A: cold resistance 1, negative energy resistance 3, torment resistance 2, heat
vulnerability 1, in touch with death 1, no potions, faith
a: Renounce Religion, Potion Petition, Call Merchant, Bribe Branch


You were on level 5 of the Dungeon.
You worshipped Gozag.
Gozag was aware of your devotion.
You visited 1 branch of the dungeon, and saw 5 of its levels.

You collected 385 gold pieces.
You paid 73 gold pieces to Gozag.

Inventory:

Hand Weapons
 a - a +0 quarterstaff (weapon)
 l - a +0 morningstar
Missiles
 e - a javelin
 h - 6 poisoned darts (quivered)
Armour
 b - a +0 leather armour (worn)
 c - a +2 helmet (worn)
Magical Staves
 g - a staff of conjuration
 i - a staff of air
Jewellery
 f - a ring of protection from fire (left hand)
 j - an amulet of the acrobat (around neck)
 m - a +5 ring of evasion (right hand)


   Skills:
 * Level 5.7 Fighting
 * Level 5.1 Staves
 - Level 1.5 Throwing
 - Level 2.4 Dodging
 - Level 5.2 Spellcasting
 * Level 1.8 Conjurations


You had 17 spell levels left.
You didn't know any spells.
Your spell library was empty.

Dungeon Overview and Level Annotations

Branches:
Dungeon (5/15)
 Temple: D:4-7

Altars:
Ashenzari
Gozag
Kikubaaqudgha
Okawaru
Sif Muna
Wu Jian
Xom

Annotations:
D:2 Sigmund
D:5 Edmund


Innate Abilities, Weirdness & Mutations

You are immune to poison.
Your flesh is cold resistant. (rC+)
You are immune to negative energy. (rN+++)
You are immune to unholy pain and torment.
You are vulnerable to heat. (rF-)
You are in touch with the powers of death.
You do not drink.
You have a special connection with the divine. (Faith)


Message History

Edmund is almost dead.
Edmund hits you with a +3 flail of protection.
You barely miss Edmund.
Edmund is almost dead.
Edmund closely misses you.
Unknown command.
You hit Edmund but do no damage.
Edmund is almost dead.
Edmund hits you with a +3 flail of protection.
Unknown command.
You barely miss Edmund.
Edmund is almost dead.
Edmund misses you.
Throw: 8 darts (poison)
Press: ? - help, Q - select action, (/) - cycle Shift-Dir - straight line, f/p - Edmund
Aim: Edmund, wielding a +3 flail of protection and wearing a +0 chain mail (almost dead, poisoned, 67% to hit)
You throw a poisoned dart. The poisoned dart barely misses Edmund.
The poisoned dart hits the iguana.
The iguana looks even sicker.
The iguana is moderately wounded.
Edmund hits you with a +3 flail of protection.
Throw: 7 darts (poison)
Press: ? - help, Q - select action, (/) - cycle Shift-Dir - straight line, f/p - Edmund
Aim: Edmund, wielding a +3 flail of protection and wearing a +0 chain mail (almost dead, poisoned, 67% to hit)
You throw a poisoned dart. The poisoned dart barely misses Edmund.
The poisoned dart closely misses the iguana.
Edmund hits you with a +3 flail of protection!
* * * LOW HITPOINT WARNING * * *
Unknown command.
Edmund attacks as you move away! Edmund completely misses you.
You completely miss Edmund.
Edmund is almost dead.
Edmund hits you with a +3 flail of protection.
* * * LOW HITPOINT WARNING * * *
Unknown command.
You closely miss Edmund.
Edmund is almost dead.
Edmund hits you with a +3 flail of protection!
You die...
Your body crumbles into a pile of gold.

#......(.................
#..l.....#***##..........
#....?...# ###..##......
#...@....####...####.####
#.....(..##....## #......
#######(###.#### #......
#l# #.# #......
#######@###.# #......
#.......@...# #......
#.........### #......
#.........# #......
#.........# #......
#.........# *******
#.........# #.........#
#.........# ###########


You could see Edmund (poisoned) and an iguana (poisoned).

Vanquished Creatures
  Grinder (D:4)
  An ice beast (D:5)
  A black bear (D:5)
  2 scorpions (D:4)
  A jelly (D:4)
  A howler monkey (D:4)
  An orc priest (D:5)
  A sleepcap (D:4)
  5 orc wizards
  11 adders
  A shadow imp (D:4)
  An ufetubus (D:4)
  3 worms
  4 dart slugs
  16 orcs
  10 ball pythons
  9 endoplasms
  6 giant cockroaches
  9 goblins
  12 hobgoblins
  4 jackals (D:1)
  12 kobolds
  4 quokkas
  6 bats
  11 frilled lizards
  10 rats
143 creatures vanquished.

Vanquished Creatures (others)
  A human (D:5)
1 creature vanquished.

Grand Total: 144 creatures vanquished

Notes
Turn   | Place    | Note
-------+----------+-------------------------------------------
     0 | D:1      | Amplified the Mummy Gladiator began the quest for the Orb.
     0 | D:1      | Reached XP level 1. HP: 16/16 MP: 1/1
     0 | D:1      | Noticed a minotaur skeleton
     1 | D:1      | Noticed a naga
     4 | D:1      | Noticed a vine stalker
     7 | D:1      | Noticed a vine stalker
    11 | D:1      | Noticed a formicid
    13 | D:1      | Noticed a dwarf
    60 | D:1      | Reached skill level 1 in Spellcasting
    62 | D:1      | Reached XP level 2. HP: 15/22 MP: 1/3
   156 | D:1      | Found a faded altar of an unknown god.
   457 | D:1      | Gained mutation: You are in touch with the powers of death.
                  | [Mummy growth]
   457 | D:1      | Reached XP level 3. HP: 14/28 MP: 5/5
   800 | D:2      | Noticed Sigmund
  1099 | D:2      | Reached XP level 4. HP: 30/35 MP: 7/7
  1290 | D:3      | Found a shimmering altar of Xom.
  1650 | D:2      | Found an ornate altar of the Wu Jian Council.
  1778 | D:3      | Reached XP level 5. HP: 41/41 MP: 9/9
  2606 | D:4      | Reached XP level 6. HP: 41/48 MP: 11/11
  2843 | D:4      | Found a broken altar of Ashenzari.
  3290 | D:4      | Found an opulent altar of Gozag.
  3428 | D:4      | Noticed Grinder
  3446 | D:4      | Paralysed by Grinder for 4 turns
  3494 | D:4      | Became a worshipper of Gozag Ym Sagoz the Greedy
  3517 | D:4      | Killed Grinder
  3518 | D:4      | Reached skill level 5 in Fighting
  3518 | D:4      | Reached skill level 5 in Spellcasting
  3518 | D:4      | Reached XP level 7. HP: 41/56 MP: 14/14
  3678 | D:4      | Found an iron altar of Okawaru.
  3723 | D:4      | Found a shimmering blue altar of Sif Muna.
  3773 | D:5      | Entered Level 5 of the Dungeon
  3983 | D:5      | Found an ancient bone altar of Kikubaaqudgha.
  3983 | D:5      | Noticed a human
  3988 | D:5      | Killed a human
  4003 | D:5      | Reached skill level 1 in Conjurations
  4177 | D:5      | Reached skill level 5 in Staves
  4254 | D:5      | Reached XP level 8. HP: 63/64 MP: 15/15
  4297 | D:5      | Noticed Edmund
  4331 | D:5      | Slain by Edmund

Illustrated notes

Levels and vault maps discovered:
D:1:      shiori_arrival_whats_in_store_for_you, layout_rooms,
          hellmonk_ecumenical_altar_leap_of_faith
D:2:      minmay_angry_zag, layout_basic, basic_altar, grunt_ministairs_3,
          minmay_hexomino_u4, uniq_sigmund
D:3:      layout_loops_cross, xom_confusion_cloud
D:4:      nicolae_cairo_tiling_large, layout_loops_ring,
          mainiacjoe_overflow_boulevard, mainiacjoe_overflow_alcove_2,
          mainiacjoe_overflow_large_starburst, hangedman_minor_gate_pass,
          uniq_grinder
D:5:      layout_rooms, tgw_kikubaaqudgha, uniq_edmund

Skill      XL: |  1  2  3  4  5  6  7 |
---------------+----------------------+-----
Spellcasting   | 1 2 3 5 |  5.2
Staves         | 3 4 5 |  5.1
Fighting       | 3 5 |  5.7
Conjurations   | 1 |  1.8
Throwing       | |  1.5
Dodging        | |  2.4

Action                     |  1- 3 |  4- 6 |  7- 9 || total
---------------------------+-------+-------+-------++-------
  Melee: Quarterstaff      |    24 |   305 |   105 ||   434
         Staff             |   182 |    23 |       ||   205
  Throw: Dart              |       |    17 |    15 ||    32
         Throwing net      |       |     5 |       ||     5
         Javelin           |       |       |     1 ||     1
    Use: Scroll            |     3 |     5 |     2 ||    10
   Stab: Held in net/web   |       |     1 |       ||     1
         Distracted        |       |       |     1 ||     1
 Armour: Leather armour    |    61 |    81 |     9 ||   151
  Dodge: Dodged            |   166 |   274 |   110 ||   550
